 Dungeon Crawl Stone Soup version 0.25.1-8-g42b30a86e7 (webtiles) character file.

Game seed: 17080087640827584549

637 DearestLeader the Frost Mage (level 7, -5/36 HPs)
             Began as a Gargoyle Ice Elementalist on Dec 14, 2020.
             Slain by a mummy (11 damage)
             ... in an ossuary.
             The game lasted 00:12:28 (4123 turns).

DearestLeader the Frost Mage (GrIE)                 Turns: 4123, Time: 00:12:29

Health: -5/36      AC: 10    Str: 18    XL:     7   Next: 50%
Magic:  5/10       EV: 12    Int: 18    God:
Gold:   173        SH:  0    Dex: 10    Spells: 2/10 levels left

rFire    . . .     SeeInvis +   C - +3 mace of Uhojawnobb {vorpal, Str+7 SInv} (curse)
rCold    . . .     Gourm    .   (no shield)
rNeg     + . .     Faith    .   a - +0 robe
rPois    ∞         Spirit   .   t - +0 helmet
rElec    +         Reflect  .   e - +2 cloak
rCorr    .         Harm     .   (no gloves)
MR       .....                  (no boots)
Stlth    ++........             (no amulet)
HPRegen  0.12/turn              (no ring)
MPRegen  0.12/turn              (no ring)

@: frozen ramparts, very slightly contaminated, invisible
A: negative energy resistance 1, electricity resistance, unbreathing,
petrification resistance, rot immunity, AC +4
a: no special abilities


You were in an ossuary.
You were very hungry.

You visited 1 branch of the dungeon, and saw 5 of its levels.
You also visited: Ossuary.

You collected 173 gold pieces.

Inventory:

Hand Weapons
 d - a +0 short sword
 m - a +0 dagger
 C - the cursed +3 mace of Uhojawnobb (weapon) {vorpal, Str+7 SInv}
   (You found it on level 4 of the Dungeon)

   It inflicts extra damage upon your enemies.
   It affects your strength (+7).
   It lets you see invisible.
   It has a curse placed upon it.
 D - a +2 hand axe of electrocution
Armour
 a - a +0 robe (worn)
 e - a +2 cloak (worn)
 h - a scarf of resistance
 p - a +0 buckler
 t - a +0 helmet (worn)
 A - the +2 buckler "Laiz" {+Blink MR+ Dex+3}
   (You found it on level 4 of the Dungeon)

   It affects your dexterity (+3).
   It affects your resistance to hostile enchantments.
   It lets you blink.
Magical Staves
 w - an uncursed staff of air
Jewellery
 k - an uncursed ring of ice
 v - an uncursed ring of protection from cold
Wands
 r - a wand of random effects (22)
 y - a wand of polymorph (1)
Scrolls
 b - a scroll of teleportation
 f - 3 scrolls of remove curse
 n - 2 scrolls of fog
 o - 3 scrolls of amnesia
 q - a scroll of blinking {unknown}
 s - a scroll of random uselessness {unknown}
 B - a scroll of enchant armour {unknown}
Potions
 g - 2 potions of might
 i - a potion of stabbing {unknown}
 j - a potion of invisibility
 l - a potion of brilliance {unknown}
 u - a potion of curing {unknown}
 z - a potion of resistance {unknown}
Comestibles
 c - 9 rations


   Skills:
 - Level 1.5 Dodging
 - Level 2.1 Stealth
 * Level 1.4 Shields
 + Level 2.3 Spellcasting
 + Level 3.0 Conjurations
 * Level 8.1 Ice Magic


You had 2 spell levels left.
You knew the following spells:

 Your Spells              Type           Power        Failure   Level  Hunger
a - Freeze                Ice            ####         1%          1    #......
b - Frozen Ramparts       Ice            ####..       1%          3    ###....
c - Magic Dart            Conj           ##..         5%          1    #......
d - Mephitic Cloud        Conj/Pois/Air  #.......     34%         3    ###....

Your spell library contained the following spells:

 Spells                   Type           Power        Failure   Level  Hunger
 Blink                    Tloc           N/A          26%         2    ##.....
 Call Imp                 Summ           #.......     26%         2    ##.....
 Slow                     Hex            #.......     26%         2    ##.....
 Ozocubu's Armour         Chrm/Ice       ###.....     10%         3    ###....
 Hailstorm                Conj/Ice       ###.....     19%         4    #####..
 Conjure Flame            Conj/Fire      #.......     28%         3    ###....
 Summon Ice Beast         Ice/Summ       ###.....     32%         4    #####..


Dungeon Overview and Level Annotations

Branches:
Dungeon (5/15)            Ossuary (1/1)
 Temple: D:4-7

Altars:
Ru


Innate Abilities, Weirdness & Mutations

You are resistant to torment.
Your stone body is resilient. (AC +4)
You are immune to poison.
You resist negative energy. (rN+)
You are resistant to electric shocks. (rElec)
You can survive without breathing.
You are immune to petrification.
You are immune to rotting.


Message History

The mummy hits you. The mummy hits you!
* * * LOW HITPOINT WARNING * * *
Okay, then.
Okay, then.
A mummy comes into view.
A mummy comes into view.
Press: ? - help, v - describe, . - travel A stone wall.
Press: ? - help, v - describe, . - travel The floor.
It was a potion of invisibility.
You fade into invisibility!
You are very lightly contaminated with residual magic.
Casting: Frozen Ramparts (safe; 1% risk of failure)
Confirm with . or Enter, or press ? or * to list all spells.
The walls around you are covered in ice.
The mummy resists.
The wall freezes the mummy.
The mummy resists.
The wall freezes the mummy.
The mummy hits you!
You die...

#########
.M.....##
####......## ..
##..##......#
..##....##.....#
...........Z.@.#
.........M..M.##
............M##
#.......M##+#
#.....Z##
##....## #....#
#....# #....#


You could see 5 mummies, a big kobold zombie and an orc zombie.

Vanquished Creatures
  Sigmund (D:2)
  An orc priest (D:4)
  Crazy Yiuf (D:4)
  2 orc wizards (D:3)
  A bullfrog skeleton (D:4)
  A gnoll shaman (D:4)
  Jessica (D:2)
  A hound zombie (D:5)
  A mummy (Ossuary)
  Robin (D:3)
  5 gnolls (D:4)
  7 adders
  A shadow imp (D:2)
  2 oozes
  A worm (D:2)
  A dart slug (D:1)
  6 leopard geckos
  11 orcs
  2 ball pythons
  3 giant cockroaches
  20 goblins
  9 hobgoblins
  A quokka (D:3)
  7 bats
  3 frilled lizards
  2 gnoll zombies (Ossuary)
  2 hobgoblin zombies (Ossuary)
  5 kobolds
  2 orc zombies (Ossuary)
  6 rats
107 creatures vanquished.

Notes
Turn   | Place    | Note
-------+----------+-------------------------------------------
     0 | D:1      | DearestLeader the Gargoyle Ice Elementalist began the quest
                  | for the Orb.
     0 | D:1      | Reached XP level 1. HP: 10/10 MP: 3/3
   183 | D:1      | Reached XP level 2. HP: 15/15 MP: 0/5
   655 | D:1      | Reached XP level 3. HP: 19/19 MP: 6/6
   660 | D:1      | Learned a level 3 spell: Frozen Ramparts
   662 | D:1      | You fall into a shaft and drop 1 floor!
   687 | D:2      | Noticed Sigmund
   727 | D:2      | Reached skill level 5 in Ice Magic
   808 | D:2      | Noticed Jessica
   813 | D:2      | Killed Jessica
   816 | D:2      | Reached XP level 4. HP: 24/24 MP: 1/7
  1747 | D:3      | Noticed Robin
  1757 | D:3      | Reached skill level 6 in Ice Magic
  1764 | D:3      | Reached XP level 5. HP: 25/28 MP: 1/8
  1767 | D:3      | Killed Robin
  1893 | D:3      | Learned a level 1 spell: Magic Dart
  1897 | D:3      | Learned a level 3 spell: Mephitic Cloud
  2152 | D:3      | Reached skill level 7 in Ice Magic
  2152 | D:3      | Reached XP level 6. HP: 32/32 MP: 5/9
  2232 | D:3      | Found a sacrificial altar of Ru.
  2564 | D:2      | Killed Sigmund
  2813 | D:4      | Reached XP level 7. HP: 34/36 MP: 4/10
  3414 | D:4      | Got a jewelled buckler
  3420 | D:4      | Identified the +2 buckler "Laiz" {+Blink MR+ Dex+3} (You
                  | found it on level 4 of the Dungeon)
  3468 | D:4      | Reached skill level 8 in Ice Magic
  3761 | D:4      | Reached skill level 1 in Shields
  3841 | D:4      | Got a twisted mace
  3841 | D:4      | Identified the cursed +3 mace of Uhojawnobb {vorpal, Str+7
                  | SInv} (You found it on level 4 of the Dungeon)
  3843 | D:4      | Found a runed translucent door.
  3844 | D:4      | Noticed Crazy Yiuf
  3921 | D:4      | Killed Crazy Yiuf
  4016 | D:5      | Entered Level 5 of the Dungeon
  4070 | D:5      | Found a sand-covered staircase.
  4081 | Ossuary  | Entered an ossuary
  4123 | Ossuary  | Slain by a mummy

Illustrated notes

Levels and vault maps discovered:
D:1:      evilmike_arrival_crescent, layout_loops_ring, st_stairs_14
D:2:      layout_loops_cross, uniq_jessica, uniq_sigmund
D:3:      layout_rooms, first_ration, nicolae_ru_the_path_less_chosen,
          uniq_robin
D:4:      layout_basic, uniq_crazy_yiuf_cottage
D:5:      layout_basic, minmay_temple_entry_sparse_star, enter_ossuary_1,
          hex_intersection
Ossuary:  ossuary_tomb_3

Skill      XL: |  1  2  3  4  5  6  7 |
---------------+----------------------+-----
Ice Magic      | 5 6 7 8 |  8.1
Conjurations   | 2 3 |  3.0
Shields        | 1 |  1.4
Dodging        | |  1.5
Stealth        | |  2.1
Spellcasting   | |  2.3

Action                   |  1- 3 |  4- 6 |  7- 9 || total
-------------------------+-------+-------+-------++-------
Melee: Unarmed           |     2 |       |       ||     2
       Short sword       |    29 |       |       ||    29
       Dagger            |    51 |   115 |    36 ||   202
       Mace              |       |       |    19 ||    19
       Hand axe          |       |       |     7 ||     7
 Cast: Freeze            |    12 |    17 |     2 ||    31
       Frozen Ramparts   |       |    12 |    11 ||    23
       Magic Dart        |       |     3 |       ||     3
  Use: Scroll            |       |     4 |     2 ||     6
       Potion            |       |       |     1 ||     1
 Stab: Sleeping          |     1 |     2 |       ||     3
  Eat: Chunk             |       |     7 |     5 ||    12
Armor: Robe              |    34 |    55 |    26 ||   115
Dodge: Dodged            |    69 |    92 |    56 ||   217
